AoeStats
← GreatPerson25

Four Lakes

507841868Analyzed
1v1 RM · 11d ago on Sep 19, 2026· 25m 10s· 2 players
Game mode
Random Map
Map size
Tiny (2 player)
Population
200
Speed
Normal
Resources
Standard
Victory
Conquest
Starting age
Dark Age
Ending age
Imperial Age
RankedLock teamsTeams togetherTeam positionsShared explorationLock speedFull tech treeHidden civsTurbo modeCheats
Victory
Defeat
🇺🇸 Persians · United States
1629
+13
🇪🇸 Huns · Spain
1559
-13
PNAL | Mr.Costas
8:10 Loom
10:30 Feudal Age
11:01 Double-Bit Axe
16:15 Castle Age
14:05 Fishing Lines
14:56 Gold Mining
16:32 Fletching
17:11 Bow Saw
17:52 Wheelbarrow
17:34 Bodkin Arrow
19:47 Padded Archer Armor
22:59 Husbandry
23:36 Thumb Ring
24:29 Ballistics
GreatPerson25
8:07 Loom
10:06 Feudal Age
10:55 Double-Bit Axe
13:06 Fishing Lines
18:26 Castle Age
17:10 Bloodlines
17:06 Scale Barding Armor
18:39 Forging
18:21 Gold Mining
18:49 Gillnets
20:42 Bow Saw
20:41 Husbandry
21:44 Chain Barding Armor
Connection lost

Rejoining the realm…

Still unreachable

The connection could not be restored.

Session expired

The server has moved on; the page needs a fresh start.